 Seeded DCSS version 0.29-a0-23-ga79f92ac9c (webtiles) character file.

Game seed: 10000000000011 (custom seed)

10425 knot the Cleaver (level 11, -1/75 HPs)
             Began as a Demonspawn Berserker on Jan 31, 2022.
             Was a Believer of Trog.
             Slain by a blink frog (10 damage)
             ... on level 1 of the Lair of Beasts.
             The game lasted 00:19:39 (13542 turns).

knot the Cleaver (Demonspawn Berserker)            Turns: 13542, Time: 00:19:40

Health: -1/75      AC: 11    Str: 18    XL:     11   Next: 36%
Magic:  0/11       EV:  8    Int: 13    God:    Trog [**....]
Gold:   289        SH:  5    Dex: 12    Spells: 10/10 levels left

rFire   . . .      SeeInvis .   E - +2 hand axe
rCold   + . .      Faith    .   (no shield)
rNeg    . . .      Spirit   +   J - +1 chain mail of Urghimes {Fly rPois rC+ Slay-2 Stlth+}
rPois   +          Reflect  +   (no helmet)
rElec   .          Harm     .   s - +1 cloak {Stlth+}
rCorr   .          Rampage  .   (gloves unavailable)
Will    +....                   (no boots)
Stlth   +.........              d - amulet of reflection
HPRegen 0.22/turn               B - ring of willpower
MPRegen 0.24/turn               (no ring)

@: on berserk cooldown, flying, slowed, very slow
A: powered by death 1, magic shield, magic regeneration, sturdy frame 1, demonic
touch 3
a: Renounce Religion, Berserk, Trog's Hand


You were on level 1 of the Lair of Beasts.
You worshipped Trog.
Trog was pleased with you.
You visited 3 branches of the dungeon, and saw 11 of its levels.

You collected 629 gold pieces.
You spent 340 gold pieces at shops.

Inventory:

Hand Weapons
 y - a +3 scimitar of flaming
 C - a +0 battleaxe
 E - a +2 hand axe (weapon)
Missiles
 f - 216 stones
 n - 7 poisoned darts
 q - 2 boomerangs (quivered)
 u - 22 sling bullets
 w - 2 throwing nets
 x - a curare-tipped dart
Armour
 h - +1 steam dragon scales
 s - a +1 cloak of stealth (worn)
 t - a +2 robe of fire resistance
 v - the +3 hat of Pondering {ponderous, Will+ MP+10 Int+5}
   (You found it on level 8 of the Dungeon)

   Int:       It affects your intelligence (+5).
   MP:        It affects your magic capacity (+10).
   Will:      It increases your willpower.
 z - a +2 robe of cold resistance
 J - the +1 chain mail of Urghimes (worn) {Fly rPois rC+ Slay-2 Stlth+}
   (You bought it in a shop on level 3 of the Dungeon)

   Slay:      It affects your accuracy & damage with ranged weapons and melee
   (-2).
   rC:        It protects you from cold.
   rPois:     It protects you from poison.
   Fly:       It grants you flight.
   Stlth:     It makes you more stealthy.
Jewellery
 d - an amulet of reflection (around neck)
 B - a ring of willpower (left hand)
Wands
 j - a wand of iceblast (17)
 k - a wand of charming (3)
 o - a wand of polymorph (13)
 r - a wand of flame (27)
 G - a wand of paralysis (2)
Scrolls
 b - 3 scrolls of teleportation
 c - 2 scrolls of amnesia {unknown}
 g - 2 scrolls of holy word
 l - 3 scrolls of blinking
 p - 2 scrolls of fog {unknown}
 A - a scroll of magic mapping {unknown}
 F - a scroll of summoning {unknown}
 I - a scroll of fear {unknown}
Potions
 a - a potion of berserk rage
 e - a potion of brilliance {unknown}
 i - 5 potions of curing
 m - 2 potions of resistance
 D - 2 potions of attraction


   Skills:
 - Level 3.0 Fighting
 * Level 12.6 Axes
 * Level 11.0 Throwing
 - Level 1.7 Armour
 - Level 1.7 Dodging


You had 10 spell levels left.
You didn't know any spells.
Your spell library contained the following spells:

 Spells                   Type           Power      Damage    Failure   Level
 Pain                     Necr           0%         1d4       92%         1
 Corpse Rot               Necr/Air       0%         N/A       98%         2
 Ensorcelled Hibernation  Hex/Ice        0%         N/A       98%         2
 Passwall                 Tmut/Erth      0%         N/A       98%         2
 Poisonous Vapours        Pois/Air       0%         N/A       98%         2
 Ozocubu's Armour         Ice            0%         N/A       100%        3
 Summon Guardian Golem    Hex/Summ       0%         N/A       100%        3
 Swiftness                Air            0%         N/A       100%        3
 Tukima's Dance           Hex            0%         N/A       100%        3
 Anguish                  Hex/Necr       0%         N/A       100%        4
 Agony                    Necr           0%         N/A       100%        5
 Excruciating Wounds      Necr           0%         N/A       100%        5
 Metabolic Englaciation   Hex/Ice        0%         N/A       100%        5
 Simulacrum               Ice/Necr       0%         N/A       100%        6
 Enfeeble                 Hex            0%         N/A       100%        7
 Orb of Destruction       Conj           0%         9d5       100%        7
 Spellforged Servitor     Conj/Summ      0%         N/A       100%        7


Dungeon Overview and Level Annotations

Branches:
Dungeon (9/15)             Temple (1/1) D:4            Lair (1/6) D:9
    Orc: D:9-12

Altars:
Okawaru
Qazlal
Ru
Uskayaw

Shops:
D:3 [   D:8 :


Innate Abilities, Weirdness & Mutations

You regenerate a little health from kills.
When hurt, damage is shared between your health and your magic reserves.
You regenerate magic rapidly.
Your movements are slightly less encumbered by armour. (ER -2)
Your touch may irresistibly damage your foes and sap their willpower.


Message History

Aim: a blink frog (moderately wounded, 41% to hit)
You throw a boomerang.
The boomerang closely misses the blink frog.
The blink frog blinks!
Throw: 2 boomerangs
Press: ? - help, Q - select action, (/) - cycle Shift-Dir - straight line, f/p - blink frog
Aim: a blink frog (moderately wounded, 41% to hit)
You throw a boomerang.
The boomerang closely misses the blink frog.
The blink frog hits you but does no damage.
You are too injured to fight recklessly!
Unknown command.
You miss the blink frog. Your touch misses the blink frog.
Your punch misses the blink frog.
The blink frog is moderately wounded.
The blink frog hits you.
Okay, then.
As you read the scroll labelled NEGEKA ZYOK, it crumbles to dust.
Your body is wracked with pain!
* * * LOW HITPOINT WARNING * * *
The blink frog convulses! x2; It was a scroll of torment.
The blink frog hits you but does no damage.
The blink frog hits you!
* * * LOW HITPOINT WARNING * * *
The blink frog blinks!
The blink frog hits you!
* * * LOW HITPOINT WARNING * * *
The blink frog blinks!
Unknown command.
Okay, then.
You feel better.
Blink to where?
Press: ? - help, Dir - move target, p - blink frog
As you read the scroll of blinking, it crumbles to dust.
The blink frog blinks!
You block the blink frog's attack. The blink frog hits you!
* * * LOW HITPOINT WARNING * * *
The blink frog hits you but does no damage.
The blink frog blinks!
The blink frog hits you!
You die...

... #...................... ....
#P.....................
.[...###...#.#...#.#.........
...l.......#########.........
......(....F.# #.........
...............# #.........
#..............# #.........
#..............#########.........
#...............@F...............
................F...ยง............
..................)..............
..........##.###########.........
F.........## ##...######
#.........# #....# #.........#
##F..# ...F.#....# #### #...#
....##....########P.####...#####


You could see 2 blink frogs.

Vanquished Creatures
  Harold (D:8)
  Erica (D:8)
  A two-headed ogre (D:8)
  A black mamba (Lair:1)
  2 cane toads
  Joseph (D:7)
  A komodo dragon (Lair:1)
  A kobold demonologist (D:5)
  The ghost of knot the Chopper, an amateur DsBe of Trog (D:8)
  Prince Ribbit (D:8)
  3 blink frogs (Lair:1)
  4 dream sheep (Lair:1)
  7 yaks
  A basilisk (Lair:1)
  An acid dragon (D:9)
  4 water moccasins
  3 orc warriors
  A black bear (D:5)
  A necrophage (D:6)
  An ice beast (D:7)
  4 ogres
  A boggart (D:5)
  A centaur (D:8)
  A phantom (D:6)
  A kobold brigand (D:7)
  6 scorpions
  2 wyvern zombies (D:7)
  5 bullfrogs
  A wyvern skeleton (D:7)
  Dowan (D:4)
  8 killer bees (D:9)
  5 wights
  3 howler monkeys (D:9)
  2 centaur zombies
  3 orc priests
  3 hounds
  2 jellies
  2 bullfrog skeletons
  3 centaur skeletons
  Ijyb (D:4)
  4 orc wizards
  A scorpion zombie (D:5)
  7 adders
  A river rat (D:4)
  A shadow imp (D:7)
  A white imp (D:5)
  A worm (Lair:1)
  20 orcs
  6 endoplasms
  2 giant cockroaches
  5 goblins
  5 hobgoblins
  14 jackals
  A quokka (D:4)
  4 ball pythons
  7 bats
  5 frilled lizards
  7 kobolds
  5 rats
189 creatures vanquished.

Vanquished Creatures (collateral kills)
  2 wights (D:7)
2 creatures vanquished.

Vanquished Creatures (others)
  2 wights (D:7)
  4 fungi
  A plant (D:9)
7 creatures vanquished.

Grand Total: 198 creatures vanquished

Notes
Turn   | Place    | Note
-------+----------+-------------------------------------------
     0 | D:1      | knot the Demonspawn Berserker began the quest for the Orb.
     0 | D:1      | Reached XP level 1. HP: 18/18 MP: 1/1
   101 | D:1      | Reached skill level 3 in Axes
   138 | D:1      | Gained mutation: You regenerate magic rapidly. [demonic
                  | ancestry]
   138 | D:1      | Reached XP level 2. HP: 15/24 MP: 2/2
  1170 | D:2      | Reached skill level 4 in Axes
  1170 | D:2      | Gained mutation: Your touch may inflict minor irresistible
                  | damage on your foes. [demonic ancestry]
  1170 | D:2      | Reached XP level 3. HP: 29/29 MP: 3/3
  1509 | D:2      | You fall into a shaft and drop 2 floors!
  1550 | D:4      | Found a staircase to the Ecumenical Temple.
  1588 | D:4      | Reached XP level 4. HP: 6/35 MP: 4/4
  1628 | Temple   | Entered the Ecumenical Temple
  1856 | D:4      | Reached ** piety under Trog
  1887 | D:4      | Noticed Ijyb
  1903 | D:4      | Reached skill level 5 in Axes
  1910 | D:4      | Killed Ijyb
  1911 | D:4      | Reached XP level 5. HP: 39/41 MP: 5/5
  2584 | D:3      | Noticed an ogre
  2591 | D:3      | Killed an ogre
  2592 | D:3      | Reached skill level 6 in Axes
  2595 | D:3      | Gained mutation: Your touch may inflict irresistible damage
                  | on your foes. [demonic ancestry]
  2595 | D:3      | Reached XP level 6. HP: 47/47 MP: 6/6
  2815 | D:3      | Found Daocsar's Antique Armour Emporium.
  3213 | D:4      | Reached skill level 1 in Throwing
  3349 | D:4      | Noticed Dowan
  3517 | D:4      | Noticed Duvessa
  3520 | D:4      | Noticed Duvessa
  3520 | D:4      | Duvessa changed into Duvessa the river rat
  3527 | D:4      | Killed Duvessa the river rat
  3528 | D:4      | Killed Dowan
  3904 | D:5      | Entered Level 5 of the Dungeon
  4045 | D:3      | Bought a runed cloak for 150 gold pieces
  4194 | D:5      | Noticed a kobold demonologist
  4204 | D:5      | Noticed a smoke demon
  4204 | D:5      | Killed a kobold demonologist
  4205 | D:5      | Reached skill level 7 in Axes
  4205 | D:5      | Gained mutation: When hurt, damage is shared between your
                  | health and your magic reserves. [demonic ancestry]
  4205 | D:5      | Reached XP level 7. HP: 52/52 MP: 7/7
  4584 | D:5      | HP: 1/52 [white imp/puff of frost (3)]
  5037 | D:5      | Gained mutation: You regenerate a little health from kills.
                  | [demonic ancestry]
  5037 | D:5      | Reached XP level 8. HP: 58/58 MP: 8/8
  5039 | D:5      | Found a hide-covered altar of Uskayaw.
  5450 | D:5      | Reached skill level 8 in Axes
  5697 | D:6      | Reached skill level 5 in Throwing
  6511 | D:6      | Found an iron altar of Okawaru.
  6789 | D:7      | Found a sacrificial altar of Ru.
  6925 | D:7      | Reached skill level 9 in Axes
  7075 | D:7      | Gained mutation: Your touch may irresistibly damage your
                  | foes and sap their willpower. [demonic ancestry]
  7075 | D:7      | Reached XP level 9. HP: 63/63 MP: 9/9
  7254 | D:7      | Noticed Joseph
  7273 | D:7      | Killed Joseph
  7657 | D:8      | Noticed Harold
  7673 | D:8      | Killed Harold
  7674 | D:8      | Reached skill level 10 in Axes
  7892 | D:8      | Found the +3 hat of Pondering {ponderous, Will+ MP+10
                  | Int+5}
  7968 | D:8      | Noticed Prince Ribbit
  8076 | D:8      | Noticed Erica
  8109 | D:8      | Killed Erica
  8110 | D:8      | Reached XP level 10. HP: 48/70 MP: 5/10
  8436 | D:8      | Found a large runed translucent door.
  8436 | D:8      | Found a large runed translucent door.
  8444 | D:8      | Noticed knot's ghost (amateur DsBe)
  8626 | D:8      | Found Yhyquem's Self-Improvement Boutique.
  9417 | D:8      | Noticed a two-headed ogre
  9436 | D:8      | Killed a two-headed ogre
  9437 | D:8      | Reached skill level 11 in Axes
  9630 | D:8      | Killed Prince Ribbit
  9764 | D:8      | Killed knot's ghost
 11202 | D:9      | Found a staircase to the Lair.
 11214 | D:9      | Reached skill level 10 in Throwing
 11792 | D:3      | Bought an ichor-stained chain mail for 190 gold pieces
 11792 | D:3      | Identified the +1 chain mail of Urghimes {Fly rPois rC+
                  | Slay-2 Stlth+} (You bought it in a shop on level 3 of the
                  | Dungeon)
 11950 | Lair:1   | Entered Level 1 of the Lair of Beasts
 11960 | Lair:1   | Noticed a black mamba
 11974 | Lair:1   | Killed a black mamba
 12272 | Lair:1   | Noticed a cane toad
 12305 | D:9      | Killed a cane toad
 12306 | D:9      | Reached skill level 12 in Axes
 12408 | Lair:1   | Gained mutation: Your movements are slightly less
                  | encumbered by armour. (ER -2) [demonic ancestry]
 12408 | Lair:1   | Reached XP level 11. HP: 75/75 MP: 9/11
 12952 | Lair:1   | Noticed Maggie
 12959 | Lair:1   | Noticed Maggie
 12959 | Lair:1   | Maggie changed into Maggie the worm
 12966 | Lair:1   | Killed Maggie the worm
 13542 | Lair:1   | Slain by a blink frog

Illustrated notes

Levels and vault maps discovered:
D:1:      lordsloth_arrival_two_stooges, layout_basic, grunt_decor_fettered,
          minmay_misc_feat_diagonals, nicolae_concentric_dashed_squares_wild
D:2:      layout_rooms, hangedman_decor_clover_reticule
D:3:      layout_basic, serial_shops, shop, kennysheep_path_1
D:4:      layout_rooms, temple_doors_e, uniq_duvessa, uniq_ijyb
D:5:      layout_loops_cross, nicolae_uskayaw_suspiria, item_on_display_a
D:6:      layout_rooms, nicolae_overflow_hidden_temple, grunt_ministairs_6
D:7:      layout_loops_ring, nicolae_ru_awakened_eye, palyth_stone_intersect,
          minmay_misc_feat_alley, minivault_27, uniq_joseph
D:8:      layout_loops_ring, ebering_ghost_disaster_area,
          nicolae_shop_self_help, uniq_harold, uniq_erica, uniq_prince_ribbit1
D:9:      layout_grid_maze, grunt_lair_entry_orc_guard_hut
Temple:   dshaligram_water_room_temple
Lair:1:   layout_small_grid, minivault_27, grunt_forest_small_clearing_treed,
          uniq_maggie

Skill      XL: |  1  2  3  4  5  6  7  8  9 10 11 |
---------------+----------------------------------+-----
Axes           | 3 4 5 6 7 9 10 12 | 12.6
Throwing       | 3 4 6 8 10 11 | 11.0
Fighting       | |  3.0
Armour         | |  1.7
Dodging        | |  1.7

Action                   |  1- 3 |  4- 6 |  7- 9 | 10-12 || total
-------------------------+-------+-------+-------+-------++-------
Melee: Hand axe          |    79 |    87 |   160 |   268 ||   594
       Punch             |     1 |     1 |     3 |     4 ||     9
       Touch             |     5 |    17 |    32 |    46 ||   100
Throw: Boomerang         |       |     7 |    65 |    75 ||   147
       Dart              |       |     1 |     9 |    17 ||    27
       Stone             |       |       |       |     2 ||     2
Invok: Berserk           |     4 |     6 |    16 |    16 ||    42
       Trog's Hand       |       |     1 |     1 |     1 ||     3
Evoke: Wand              |       |     3 |     4 |     1 ||     8
  Use: Potion            |       |       |     5 |     1 ||     6
       Scroll            |       |       |       |     9 ||     9
 Stab: Sleeping          |     1 |       |     1 |     1 ||     3
Armor: Animal skin       |    16 |    11 |       |       ||    27
       Robe              |       |     3 |    41 |    18 ||    62
       Skin              |       |       |     5 |       ||     5
       Chain mail        |       |       |       |    25 ||    25
Dodge: Dodged            |    35 |    52 |    62 |    68 ||   217
Block: Other             |    14 |    23 |    17 |    44 ||    98

Table legend: (Time is in decaauts)
 A = Elapsed time spent in this place.
 B = Non-inter-level travel time spent in this place.
 C = Inter-level travel time spent in this place.
 D = Time resting spent in this place.
 E = Time spent auto-exploring this place.
 F = Levels seen in this place.
 G = Mean time per level.
                   A        B        C        D        E       F      G
               +--------+--------+--------+--------+--------+-----+--------+
         Total |  13889 |  13109 |    780 |   5752 |   5674 |  11 | 1262.6 |
       Dungeon |  12315 |  11536 |    779 |   4932 |   5221 |   9 | 1368.3 |
        Temple |    224 |    224 |      0 |    223 |      0 |   1 |  224.0 |
          Lair |   1349 |   1349 |      0 |    597 |    453 |   1 | 1349.0 |
               +--------+--------+--------+--------+--------+-----+--------+

Top non-repeatable levels by time:
     D:8: 2517 daAuts
     D:5: 1797 daAuts
     D:9: 1703 daAuts
  Lair:1: 1349 daAuts
     D:7: 1318 daAuts
     D:1: 1191 daAuts
     D:4: 1121 daAuts
     D:6: 950 daAuts
     D:3: 880 daAuts
     D:2: 835 daAuts
  Temple: 224 daAuts
